 Dungeon Crawl Stone Soup version 0.25-a0-589-g1e14c549ee (webtiles) character file.

Game seed: 12243439160286459919, levelgen mode: deterministic

27 Eurus the Sneak (level 2, -6/15 HPs)
             Began as a Spriggan Assassin on Mar 12, 2020.
             Mangled by Sigmund
             ... wielding a +0 scythe
              (8 damage)
             ... on level 2 of the Dungeon.
             The game lasted 00:03:18 (742 turns).

Eurus the Sneak (Spriggan Assassin)                  Turns: 742, Time: 00:03:19

Health: -6/15      AC:  3    Str:  7    XL:     2   Next: 93%
Magic:  3/3        EV: 17    Int: 12    God:
Gold:   57         SH:  0    Dex: 17    Spells: 1/1 levels left

rFire    . . .     SeeInvis +   a - +2 dagger
rCold    . . .     Gourm    .   (shield restricted)
rNeg     . . .     Faith    .   b - +0 robe
rPois    .         Spirit   .   (helmet restricted)
rElec    .         Reflect  .   c - +0 cloak
rCorr    .         Harm     .   (gloves unavailable)
MR       .....                  (boots unavailable)
Stlth    +.........             (no amulet)
HPRegen  0.05/turn              (no ring)
MPRegen  0.08/turn              (no ring)

@: confused, lethally poisoned (-6 -> -11), very quick
A: very small, unfitting armour, see invisible, herbivore, speed 3, slow
metabolism 2
a: no special abilities


You were on level 2 of the Dungeon.
You were not hungry.

You visited 1 branch of the dungeon, and saw 2 of its levels.

You collected 57 gold pieces.

Inventory:

Hand Weapons
 a - a +2 dagger (weapon)
Missiles
 d - 24 poisoned darts (quivered)
 e - 2 curare-tipped darts
Armour
 b - a +0 robe (worn)
 c - a +0 cloak (worn)
Wands
 g - a wand of digging (6)
Potions
 h - a potion of heal wounds {unknown}
Comestibles
 f - 3 rations


   Skills:
 - Level 2.0 Fighting
 * Level 2.6 Short Blades
 + Level 2.2 Throwing
 * Level 2.3 Dodging
 * Level 6.1 Stealth


You had one spell level left.
You didn't know any spells.
Your spell library was empty.

Dungeon Overview and Level Annotations

Branches:
Dungeon (2/15)

Altars:

Annotations:
D:2 Sigmund


Innate Abilities, Weirdness & Mutations

You are very small and have problems with some larger weapons.
You are too small for most types of armour.
You have supernaturally acute eyesight. (SInv)
You are a herbivore.
You cover ground extremely quickly.
You need to consume almost no food.


Message History

The adder barely misses you.
Sigmund mumbles some strange words.
Sigmund flickers and vanishes for a moment.
You bump into the rock wall.
The adder barely misses you. x2
Sigmund closely misses you. The adder misses you.
Unknown command.
You're too confused!
Unknown command.
You hit the adder.
The adder is lightly wounded.
The adder completely misses you. x2
You bump into the rock wall.
The adder misses you. Sigmund barely misses you. The adder closely misses you.
The adder bites you but does no damage.
You barely miss the adder.
The adder is lightly wounded.
You feel sick. The adder misses you. The adder bites you.
* * * LOW HITPOINT WARNING * * *
Sigmund hits you from afar with a +0 scythe!
Ouch! That really hurt!
You die...

.........######*#..,,,.###.#****,
..##.###..* #.#**,......,,,,,
#*#..* ##.#* #.####.?...,,,,,,
*$..** *..###* #.##.......,,,,,,
..#** *#....###.......#,,,,,,,,
.#* ***#####...........#...,,,,,
,*****,,........@(...S....#******
,,,,>*,*##....##S###.####..*#**
,,,,,,,*......*#@###†# **,,..###
,,,,,,**,#....##S#.S.# ***#....
,,,,,*,,,#....#..#.### ***#.
,,,,,,,*****##..#..# #######(
,,,,,,** ##.....## #.......
,,,,,** ##...###########.####..
****** ##...#..................
##..................#####
#......##############


You could see Sigmund (invisible) and 2 adders.

Vanquished Creatures
  An adder (D:2)
  A dart slug (D:2)
  A giant cockroach (D:1)
  3 goblins (D:1)
  A hobgoblin (D:1)
  A kobold (D:2)
  3 bats (D:1)
  2 frilled lizards
  4 rats (D:1)
17 creatures vanquished.

Notes
Turn   | Place    | Note
-------+----------+-------------------------------------------
     0 | D:1      | Eurus the Spriggan Assassin began the quest for the Orb.
     0 | D:1      | Reached XP level 1. HP: 10/10 MP: 2/2
   199 | D:1      | Reached XP level 2. HP: 15/15 MP: 3/3
   257 | D:1      | Reached skill level 6 in Stealth
   574 | D:2      | Noticed Sigmund
   742 | D:2      | Mangled by Sigmund

Levels and vault maps discovered:
D:1:      dpeg_arrival_line_fractal, layout_rooms
D:2:      layout_rooms, uniq_sigmund

Skill      XL: |  1  2 |
---------------+-------+-----
Stealth        | 6 |  6.1
Dodging        | 2 |  2.3
Fighting       | 2 |  2.0
Short Blades   | |  2.6
Throwing       | |  2.2

Action                   || total
-------------------------++-------
Melee: Dagger            ||    44
  Use: Scroll            ||     4
       Potion            ||     2
 Stab: Sleeping          ||     9
Armor: Robe              ||     3
Dodge: Dodged            ||    31

Table legend:
 A = Non-vault XP
 B = Vault XP
 C = Vault XP percentage of total XP
 D = Non-vault monster count
 E = Vault monster count
 F = Vault count percentage of total count
                 A         B        C        D         E       F
            +---------+---------+-------+---------+---------+-------
      Total |      39 |       0 |   0.0 |      17 |       0 |   0.0
            +---------+---------+-------+---------+---------+-------
        D:1 |      18 |       0 |   0.0 |      13 |       0 |   0.0
        D:2 |      21 |       0 |   0.0 |       4 |       0 |   0.0
            +---------+---------+-------+---------+---------+-------
